 Dungeon Crawl Stone Soup version 0.27.0-1-g7a089689b8 (webtiles) character file.

Game seed: 15752901895614579234

34389 freelancePsychic the Nimble (level 13, -9/106 HPs)
             Began as a Merfolk Enchanter on July 31, 2021.
             Was an Elder of Sif Muna.
             Mangled by a spriggan rider (24 damage)
             ... on level 6 of the Lair of Beasts.
             The game lasted 01:24:23 (27022 turns).

freelancePsychic the Nimble (Merfolk Enchanter)    Turns: 27022, Time: 01:24:23

Health: -9/106     AC: 10    Str: 10    XL:     13   Next: 77%
Magic:  4/30       EV: 16    Int: 24    God:    Sif Muna [****..]
Gold:   168        SH: 12    Dex: 14    Spells: 10/23 levels left

rFire    + . .     SeeInvis .   f - +2 dagger (drain)
rCold    + + .     Faith    .   K - +2 buckler {rC+}
rNeg     . . .     Spirit   .   L - +1 ring mail "Ahec" {Int+6}
rPois    .         Reflect  +   k - +2 hat
rElec    .         Harm     .   o - scarf {rC+ rF+}
rCorr    .         Rampage  .   M - +1 pair of gloves
Will     .....                  (no boots)
Stlth    ++........             e - amulet of reflection
HPRegen  0.27/turn              y - ring of magical power
MPRegen  0.22/turn              J - ring of wizardry

@: very slightly contaminated, studying Ice Magic, invisible
A: (nimble swimmer 2), mertail
a: Renounce Religion, Channel Magic, Forget Spell, Divine Exegesis


You were on level 6 of the Lair of Beasts.
You worshipped Sif Muna.
Sif Muna was greatly pleased with you.
You visited 2 branches of the dungeon, and saw 16 of its levels.
You also visited: Sewer and Ice Cave.

You collected 894 gold pieces.
You spent 726 gold pieces at shops.

Inventory:

Hand Weapons
 a - a +1 dagger
 d - a +0 rapier of venom
 f - a +2 dagger of draining (weapon)
Armour
 k - a +2 hat (worn)
 o - a scarf of resistance (worn)
 u - a scarf of repulsion
 w - +0 steam dragon scales
 D - a +0 cloak
 K - a +2 buckler of cold resistance (worn)
 L - the +1 ring mail "Ahec" (worn) {Int+6}
   (You bought it in a shop on level 5 of the Dungeon)

   Int:       It affects your intelligence (+6).
 M - a +1 pair of gloves (worn)
Jewellery
 e - an amulet of reflection (around neck)
 i - a ring of protection from cold
 y - a ring of magical power (left hand)
 J - a ring of wizardry (right hand)
Wands
 b - a wand of acid (4)
 j - a wand of flame (9)
 H - a wand of iceblast (29)
Scrolls
 c - 3 scrolls of fog
 g - 2 scrolls of holy word
 h - 2 scrolls of enchant armour
 p - 2 scrolls of brand weapon
 r - a scroll of summoning
 s - 3 scrolls of enchant weapon
 I - 4 scrolls of amnesia
 N - a scroll of identify {@r1}
Potions
 l - 5 potions of cancellation
 n - 3 potions of mutation
 q - 2 potions of lignification
 v - a potion of invisibility
 A - 2 potions of berserk rage
 B - 2 potions of might
 C - 2 potions of brilliance
 E - 2 potions of attraction
 F - a potion of magic {unknown}
 G - 2 potions of flight {unknown}
 O - 2 potions of resistance {unknown}


   Skills:
 + Level 11.1 Fighting
 - Level 2.4 Short Blades
 + Level 3.5 Armour
 - Level 14.6 Dodging
 - Level 3.2 Stealth
 - Level 4.0 Shields
 - Level 5.9 Spellcasting
 - Level 3.0 Hexes
 - Level 10.5 Summonings
 - Level 7.9 Ice Magic
 - Level 4.2 Air Magic
 - Level 6.3 Invocations


You had 10 spell levels left.
You knew the following spells:

 Your Spells              Type           Power      Damage    Failure   Level
a - Summon Ice Beast      Ice/Summ       51%        N/A       1%          4
b - Ensorcelled Hibernat  Hex/Ice        66%        N/A       1%          2
c - Frozen Ramparts       Ice            90%        1d11      1%          3
d - Summon Lightning Spi  Summ/Air       42%        N/A       4%          4

Your spell library contained the following spells:

 Spells                   Type           Power      Damage    Failure   Level
 Summon Guardian Golem    Hex/Summ       39%        N/A       1%          3
 Corona                   Hex            23%        N/A       2%          1
 Corpse Rot               Necr/Air       N/A        N/A       4%          2
 Static Discharge         Conj/Air       17%        N/A       4%          2
 Confusing Touch          Hex            21%        N/A       7%          3
 Tukima's Dance           Hex            21%        N/A       7%          3
 Apportation              Tloc           14%        N/A       9%          1
 Foxfire                  Conj/Fire      28%        2x1d5     9%          1
 Sandblast                Erth           14%        2d6       9%          1
 Passwall                 Tmut/Erth      5%         N/A       12%         2
 Dazzling Flash           Conj/Hex       28%        N/A       13%         3
 Inner Flame              Hex/Fire       14%        N/A       13%         3
 Summon Mana Viper        Hex/Summ       39%        N/A       13%         5
 Airstrike                Air            13%        N/A       14%         4
 Ice Form                 Ice/Tmut       26%        N/A       16%         4
 Conjure Flame            Conj/Fire      7%         6-21      24%         3
 Gell's Gravitas          Tloc           3%         N/A       24%         3
 Teleport Other           Tloc           7%         N/A       24%         3
 Summon Forest            Summ/Tloc      16%        N/A       24%         5
 Dispel Undead            Necr           7%         3d8       58%         4
 Sticky Flame             Conj/Fire      7%         2d3       58%         4
 Summon Hydra             Summ           27%        N/A       61%         7
 Lightning Bolt           Conj/Air       8%         1d21      63%         5
 Alistair's Intoxication  Tmut/Pois      4%         N/A       89%         5
 Fireball                 Conj/Fire      3%         3d4       89%         5
 Iskenderun's Battlesphe  Conj           7%         2d6       89%         5
 Lee's Rapid Deconstruct  Erth           3%         3d6*      89%         5
 Invisibility             Hex            10%        N/A       96%         6
 Conjure Ball Lightning   Conj/Air       8%         3x3d6     99%         6
 Death Channel            Necr           3%         N/A       100%        6
 Dispersal                Tloc           3%         N/A       100%        6
 Eringya's Noxious Bog    Tmut/Pois      3%         N/A       100%        6
 Orb of Destruction       Conj           3%         9d1       100%        7
 Storm Form               Tmut/Air       8%         N/A       100%        7
 Maxwell's Capacitive Co  Air            13%        ∞         100%        8


Dungeon Overview and Level Annotations

Branches:
Dungeon (10/15)            Temple (0/1) D:7            Lair (6/6) D:10
 Shoals (0/4) Lair:4       Spider (0/4) Lair:3        Sewer (visited)
  IceCv (visited)
  Slime: Lair:5-6       Orc: D:9-12

Altars:
Ashenzari
Dithmenos
Gozag
Hepliaklqana
Nemelex Xobeh
Okawaru
Ru
Sif Muna
Trog
Xom
Yredelemnul
Zin
The Shining One
Jiyva

Shops:
D:5 [=[:   D:8 *

Annotations:
D:3 2 transporters, Theophrastus's ghost, amateur FoFi
D:10 1 exclusion
Lair:4 exclusion: 2 oklob plants


Innate Abilities, Weirdness & Mutations

((You are quick and stealthy near water. (Stealth+, EV+, Speed+++)))
Your lower body shifts to a powerful aquatic tail in water.


Message History

You feel better. The hornet stings your ice beast.
The wolf bites your ice beast.
Your ice beast barely misses the wolf.
The wolf bites your ice beast. You block the spriggan's attack.
The water moccasin bites you but does no damage.
The wolf bites your ice beast.
Your ice beast dies!
The elephant tramples your ice beast!!
Your ice beast stumbles backwards!
The wolf bites your ice beast. The spriggan rider misses you.
You feel better.
Your ice beast hits the elephant.
Your ice beast freezes the elephant!
You block the water moccasin's attack. The wolf misses your ice beast.
The spriggan hits you but does no damage.
The polar bear barely misses you. x2; You block the polar bear's attack.
The elephant completely misses your ice beast.
The elephant barely misses your ice beast.
A black bear comes into view.
The spriggan rider barely misses you.
You feel better. The wolf barely misses your ice beast.
The hornet stings your ice beast.
Your ice beast dies!
You block the water moccasin's attack.
The boggart gestures wildly while chanting.
The boggart flickers and vanishes!
Deactivating autopickup; reactivate with Ctrl-A.
The spriggan hits you but does no damage.
The polar bear misses you. x2; You block the polar bear's attack.
The water moccasin barely misses you.
The spriggan rider hits you from afar with a +0 spear!!
* * * LOW HITPOINT WARNING * * *
You hear a shout!
The black bear growls angrily.
The wolf howls!
You catch the helpless polar bear completely off-guard!
You puncture the polar bear! You drain the polar bear.
The polar bear is moderately wounded.
You hear a shout!
You hear a howl!
You block the spriggan's attack. The water moccasin closely misses you.
You catch the helpless polar bear completely off-guard!
You puncture the polar bear! You drain the polar bear.
The polar bear is severely wounded.
The spriggan rider hits you from afar with a +0 spear!!
You die... ♣Y.♣ Y.g♣ .Y. .Y♣ h.♣♣ ..♣ ♣♣.♣ ♣{h♣♣♣♣ ♣Yhhh@♣ ♣♣YhiSi♣

♣.h♣ii♣♣
♣..♣hyh..♣
♣..♣♣hl....
♣..♣
♣♣...l. ♣..
♣♣.... i.♣
..y.♣ ..♣
...


You could see 2 elephants, a spriggan rider, a polar bear (drained), a komodo
dragon, a hornet, a water moccasin, a black bear, 3 spriggans and 7 wolves.

Vanquished Creatures
  A reaper (IceCv)
  A rakshasa (D:10)
  A hydra (Lair:6)
  2 death yaks (Lair:6)
  A tengu warrior (D:10)
  Pikel (D:5)
  An orc knight (D:10)
  2 black mambas (Lair:3)
  An elephant (Lair:4)
  7 cane toads
  A cane toad (shapeshifter) (D:10)
  A kobold demonologist (D:5)
  4 komodo dragons
  2 ice devils (IceCv)
  A polar bear (Lair:3)
  5 jumping spiders (Lair:3)
  Prince Ribbit (D:7)
  6 blink frogs
  Sigmund (D:4)
  3 redbacks (Lair:3)
  25 yaks
  Grum (D:8)
  4 wyverns
  2 basilisks (D:10)
  A hog (Lair:6)
  A harpy simulacrum (IceCv)
  A death yak simulacrum (IceCv)
  A steam dragon (D:6)
  An acid dragon (D:9)
  8 water moccasins
  2 ice beasts
  A black bear (D:5)
  A sky beast (D:8)
  10 wolves
  2 ogres
  2 centaurs (D:6)
  A phantom (D:4)
  4 kobold brigands
  8 bullfrogs
  3 scorpions
  A two-headed ogre simulacrum (IceCv)
  3 killer bees (D:9)
  4 wights
  4 howler monkeys
  6 electric eels
  3 nameless horrors
  2 centaur zombies
  A jelly (D:5)
  A bullfrog zombie (D:6)
  3 hounds (D:5)
  7 orc priests
  4 centaur skeletons
  2 gnoll shamans
  2 iguanas
  3 orc wizards
  A scorpion zombie (D:5)
  2 troll simulacra (IceCv)
  13 gnolls
  A howler monkey skeleton (D:5)
  5 adders
  A river rat (Sewer)
  A white imp (IceCv)
  An ufetubus (D:6)
  4 dart slugs
  51 orcs
  8 endoplasms
  10 giant cockroaches
  12 goblins
  7 hobgoblins
  7 jackals
  4 quokkas
  12 ball pythons
  5 bats
  19 frilled lizards
  11 kobolds
  16 rats
  A butterfly (Lair:1)
360 creatures vanquished.

Vanquished Creatures (collateral kills)
  Kirke (Lair:6)
  Snorg (Lair:4)
  6 hydras
  A two-headed ogre (D:10)
  2 death yaks (Lair:6)
  3 elephants (Lair:4)
  A black mamba (Lair:2)
  2 cane toads
  Maggie (Lair:1)
  Psyche (D:8)
  3 rime drakes
  A freezing wraith (IceCv)
  5 ice devils (IceCv)
  3 polar bears
  2 blink frogs (Lair:4)
  A dire elephant simulacrum (IceCv)
  A shadow (D:10)
  7 yaks
  5 hogs (Lair:6)
  2 basilisks
  A death yak simulacrum (IceCv)
  4 water moccasins
  A sky beast (D:7)
  3 necrophages
  2 wolves (Lair:1)
  4 ogres
  2 centaurs (D:9)
  A gnoll sergeant (D:7)
  A bullfrog (Lair:1)
  A cane toad simulacrum (IceCv)
  A wyvern zombie (D:8)
  3 two-headed ogre simulacra (IceCv)
  3 wights
  A howler monkey (D:9)
  A hound (D:6)
  An orc wizard (D:9)
  A polar bear simulacrum (IceCv)
  A killer bee zombie (D:7)
  A troll simulacrum (IceCv)
  2 spriggan simulacra (IceCv)
  3 nameless horrors
  2 wolf simulacra (IceCv)
  A gnoll (D:7)
  A naga simulacrum (IceCv)
  2 white imps (D:6)
  An ufetubus (IceCv)
  A goblin (D:4)
95 creatures vanquished.

Vanquished Creatures (others)
  47 fungi
  73 plants
120 creatures vanquished.

Grand Total: 575 creatures vanquished

Notes
Turn   | Place    | Note
-------+----------+-------------------------------------------
     0 | D:1      | freelancePsychic the Merfolk Enchanter began the quest for
                  | the Orb.
     0 | D:1      | Reached XP level 1. HP: 13/13 MP: 3/3
   145 | D:1      | Reached skill level 3 in Dodging
   358 | D:1      | Reached XP level 2. HP: 11/20 MP: 3/5
   376 | D:1      | Reached skill level 1 in Fighting
   391 | D:1      | Learned a level 2 spell: Ensorcelled Hibernation
  1160 | D:1      | Reached skill level 1 in Ice Magic
  1197 | D:1      | Reached XP level 3. HP: 24/26 MP: 4/6
  2576 | D:2      | Found a faded altar of an unknown god.
  2651 | D:2      | Reached XP level 4. HP: 29/33 MP: 7/7
  3233 | D:2      | Learned a level 3 spell: Frozen Ramparts
  3277 | D:3      | Noticed a scorpion
  3292 | D:2      | Killed a scorpion
  3293 | D:2      | Reached XP level 5. HP: 17/40 MP: 8/8
  3517 | D:3      | Found a transporter.
  3521 | D:3      | Noticed Theophrastus's ghost (amateur FoFi)
  3560 | D:3      | Found a glowing drain.
  3581 | Sewer    | Entered a sewer
  4141 | D:3      | Found a shimmering blue altar of Sif Muna.
  4591 | D:3      | Found a transporter.
  4697 | D:3      | Reached XP level 6. HP: 25/47 MP: 6/9
  5020 | D:3      | Identified a scroll of acquirement
  5020 | D:3      | Acquired a +2 hat
  5110 | D:3      | Became a worshipper of Sif Muna the Loreminder
  5215 | D:4      | Noticed Sigmund
  5558 | D:5      | Entered Level 5 of the Dungeon
  5590 | D:5      | Reached skill level 5 in Ice Magic
  5590 | D:5      | Reached skill level 1 in Invocations
  5592 | D:5      | Noticed an ice beast
  5599 | D:5      | Killed an ice beast
  5600 | D:5      | Reached XP level 7. HP: 50/52 MP: 4/10
  5780 | D:5      | Found Fereaz's Jewellery Shop.
  5835 | D:5      | Noticed a kobold demonologist
  5919 | D:5      | Reached skill level 1 in Summonings
  6087 | D:5      | Found Birachol's Antique Armour Shop.
  6356 | D:5      | Found Niuwk's Antique Armour Shop.
  6400 | D:5      | Reached * piety under Sif Muna
  6454 | D:5      | Reached XP level 8. HP: 51/58 MP: 7/11
  6665 | D:5      | Noticed Pikel
  6679 | D:5      | Killed Pikel
  6680 | D:5      | Reached skill level 5 in Summonings
  6680 | D:5      | Reached skill level 5 in Invocations
  6837 | D:5      | Found Dyjy's Book Emporium.
  6952 | D:5      | Killed a kobold demonologist
  7023 | D:5      | Learned a level 4 spell: Summon Ice Beast
  7100 | D:5      | Found a hazy altar of Hepliaklqana.
  7244 | D:5      | Reached XP level 9. HP: 42/62 MP: 8/13
  7542 | D:4      | Killed Sigmund
  9603 | D:6      | Reached skill level 1 in Shields
 10340 | D:6      | Found a glowing golden altar of the Shining One.
 10707 | D:6      | Reached ** piety under Sif Muna
 10981 | D:7      | Found an iron altar of Okawaru.
 11097 | D:7      | Found a glowing silver altar of Zin.
 11097 | D:7      | Found a staircase to the Ecumenical Temple.
 11097 | D:7      | Noticed an angel
 11100 | D:7      | Noticed Prince Ribbit
 11102 | D:7      | Found a shimmering altar of Xom.
 11125 | D:7      | Reached XP level 10. HP: 47/73 MP: 14/14
 11332 | D:7      | Reached skill level 5 in Fighting
 11631 | D:7      | Killed Prince Ribbit
 11632 | D:7      | Reached skill level 4 in Dodging
 12066 | D:8      | Reached skill level 5 in Dodging
 12124 | D:8      | Found a bloodstained altar of Trog.
 12202 | D:8      | Found a broken altar of Ashenzari.
 12220 | D:8      | Found a sacrificial altar of Ru.
 12223 | D:8      | Found an opulent altar of Gozag.
 12461 | D:8      | Noticed Grum
 12467 | D:8      | Reached skill level 6 in Dodging
 12478 | D:8      | Killed Grum
 12478 | D:8      | Reached *** piety under Sif Muna
 12620 | D:8      | Noticed Psyche
 12628 | D:8      | Killed Psyche
 12716 | D:8      | Reached skill level 7 in Dodging
 12967 | D:8      | Found a shadowy altar of Dithmenos.
 13029 | D:8      | Found Vikihe's Neck Hole.
 13285 | D:8      | Found a basalt altar of Yredelemnul.
 13810 | D:9      | Reached skill level 8 in Dodging
 14473 | D:10     | Entered Level 10 of the Dungeon
 14511 | D:10     | Found a staircase to the Lair.
 14525 | D:10     | Reached XP level 11. HP: 77/87 MP: 13/15
 14555 | D:10     | Reached skill level 9 in Dodging
 14959 | D:10     | Noticed a two-headed ogre
 14968 | D:10     | Killed a two-headed ogre
 14969 | D:10     | Reached skill level 10 in Dodging
 15339 | D:10     | Noticed an orc knight
 15342 | D:10     | Noticed a rakshasa
 15352 | D:10     | Noticed a tengu warrior
 15361 | D:10     | Killed an orc knight
 15361 | D:10     | Killed a tengu warrior
 15362 | D:10     | Reached skill level 11 in Dodging
 15503 | D:10     | Killed a rakshasa
 15504 | D:10     | Reached skill level 12 in Dodging
 15680 | D:10     | Noticed a five-headed hydra
 15684 | D:10     | Noticed a boulder beetle
 15684 | D:10     | Noticed a manticore
 15684 | D:10     | Noticed a cyclops
 15684 | D:10     | Noticed a manticore
 15757 | D:10     | Noticed a boulder beetle
 15886 | Lair:1   | Entered Level 1 of the Lair of Beasts
 15886 | Lair:1   | Noticed Maggie
 15898 | Lair:1   | Reached skill level 1 in Air Magic
 16291 | Lair:1   | Killed Maggie
 16292 | Lair:1   | Reached skill level 13 in Dodging
 16505 | Lair:1   | Learned a level 4 spell: Summon Lightning Spire
 17456 | Lair:1   | Reached XP level 12. HP: 76/94 MP: 6/16
 17809 | Lair:2   | Reached **** piety under Sif Muna
 17972 | Lair:2   | Found a frozen archway.
 18001 | IceCv    | Entered an ice cave
 18145 | IceCv    | Reached skill level 14 in Dodging
 18430 | IceCv    | Noticed a reaper
 18487 | IceCv    | Killed a reaper
 20464 | D:5      | Bought a Fen Folio for 546 gold pieces
 21003 | Lair:3   | Got Ucorey's Reference Book on Supportive Intoxication
 21117 | Lair:3   | Found a hole to the Spider Nest.
 21883 | Lair:3   | Found a sparkling altar of Nemelex Xobeh.
 21964 | Lair:3   | Reached skill level 5 in Spellcasting
 22354 | Lair:3   | Reached XP level 13. HP: 99/100 MP: 20/21
 22975 | Lair:4   | Noticed Snorg
 22993 | Lair:4   | Killed Snorg
 22994 | Lair:4   | Reached skill level 10 in Summonings
 24076 | Lair:4   | Found a staircase to the Shoals.
 24922 | Lair:4   | Upgraded the game from 0.27.0 to 0.27.0-1-g7a089689b8
 25132 | D:5      | Bought a smoking ring mail for 180 gold pieces
 25132 | D:5      | Identified the +1 ring mail "Ahec" {Int+6} (You bought it
                  | in a shop on level 5 of the Dungeon)
 25373 | Lair:5   | You fall into a shaft and drop 1 floor!
 25373 | Lair:6   | Entered Level 6 of the Lair of Beasts
 25503 | Lair:5   | Reached skill level 10 in Fighting
 25864 | Lair:6   | Found a viscous altar of Jiyva.
 25877 | Lair:6   | Reached skill level 1 in Armour
 26653 | Lair:6   | Reached ***** piety under Sif Muna
 26774 | Lair:6   | Noticed Kirke
 26801 | Lair:6   | Killed Kirke
 26984 | Lair:6   | Received a gift from Sif Muna
 27022 | Lair:6   | Mangled by a spriggan rider

Illustrated notes

Levels and vault maps discovered:
D:1:      wheals_arrival_linesprint, layout_rooms, serial_co_window_serial,
          co_window_corner_a, co_window_paths_a, co_window_corner_a,
          co_window_of_opportunity_a, co_window_paths_a, co_window_corner_b,
          co_window_unsneaky_path_a, co_window_unsneaky_path_c,
          co_window_corner_b, co_window_corner_cb, co_window_broadway_a,
          co_window_paths_e, glass_columns_b, glass_columns_b, glass_columns_c,
          glass_columns_b, glass_columns_a, chequers_garden, minmay_lizard_pond
D:2:      layout_rooms, serial_rivers, chequers_serial_rivers_micro_d,
          chequers_serial_rivers_room_a, chequers_serial_rivers_micro_a,
          chequers_serial_rivers_small_a, shapermc_ecumenical_altar_venn,
          minmay_pentomino_z4
D:3:      layout_loops_ring, led_sif_pool, gammafunk_ghost_stat_death,
          portal_sewer_entry_a
D:4:      layout_rooms, uniq_sigmund
D:5:      layout_basic, nicolae_overflow_hidden_temple, serial_shops, shop,
          shop, shop, nicolae_shop_statue_plus, kennysheep_generic_room_5,
          uniq_pikel
D:6:      layout_loops_corners, nicolae_overflow_crystal_walls
D:7:      layout_loops_cross, grunt_temple_overflow_order_and_chaos_1,
          mainiacjoe_overflow_brackets, minmay_temple_entry_mist,
          uniq_prince_ribbit1
D:8:      minmay_evil_eye, layout_loops_ring, mainiacjoe_overflow_alcove_2,
          grunt_temple_overflow_cloverleaf, overflow_temple_1_default,
          nicolae_shop_sticking_my_neck_out, uniq_psyche, uniq_grum
D:9:      layout_cross
D:10:     minmay_the_grid_octo_triangle [minmay_the_grid_octo_empty,
          minmay_the_grid_octo_prize_big_c, minmay_the_grid_octo_teeth],
          layout_rooms, david_lair_generic
Lair:1:   layout_regular_city, hangedman_lair_generics_rect,
          lemuel_fruit_fields, uniq_maggie
Lair:2:   layout_chaotic_city, serial_bayou, serial_bayou_pond_b,
          serial_bayou_pond_a, serial_bayou_shore_a, serial_bayou_pond_b,
          portal_ice_cave_entry_pillars_1, serial_bayou_shore_b
Lair:3:   layout_gridlike, nicolae_spider_entry_tight_spaces, basic_altar
Lair:4:   layout_regular_city, shoals_dummy_entry, minmay_lair_oklob_chamber,
          uniq_snorg
Lair:5:   layout_layer_cave, gammafunk_lair_bear_cave
Lair:6:   minmay_lair_end_enchanted_forest, layout_loops_ring, slime_altar_1,
          serial_bayou_lagoon_a, uniq_kirke

Skill      XL: |  1  2  3  4  5  6  7  8  9 10 11 12 13 |
---------------+----------------------------------------+-----
Dodging        | 3 8 13 14 | 14.6
Fighting       | 1 2 3 4 8 11 | 11.1
Ice Magic      | 1 2 3 4 5 6 7 |  7.9
Short Blades   | 2 |  2.4
Invocations    | 2 3 5 6 |  6.3
Summonings     | 3 6 7 9 10 | 10.5
Spellcasting   | 3 5 |  5.9
Shields        | 4 |  4.0
Air Magic      | 3 4 |  4.2
Armour         | 3 |  3.5
Stealth        | |  3.2
Hexes          | |  3.0

Action                   |  1- 3 |  4- 6 |  7- 9 | 10-12 | 13-15 || total
-------------------------+-------+-------+-------+-------+-------++-------
Melee: Dagger            |   126 |   222 |   299 |   661 |   143 ||  1451
       Rapier            |    44 |       |       |       |       ||    44
       Tailslap          |       |     4 |       |       |       ||     4
       Unarmed           |       |       |       |     2 |       ||     2
 Cast: Corona            |    11 |       |       |       |       ||    11
       Ensorcelled Hiber |    15 |     2 |    14 |    19 |       ||    50
       Frozen Ramparts   |       |     7 |    31 |    65 |    20 ||   123
       Summon Ice Beast  |       |       |    37 |    95 |    58 ||   190
       Summon Lightning  |       |       |       |    17 |    22 ||    39
Invok: Channel Magic     |       |       |     2 |     4 |     2 ||     8
Evoke: Wand              |       |     4 |     1 |     6 |     5 ||    16
  Use: Scroll            |     1 |    10 |     3 |    14 |     4 ||    32
       Potion            |       |     3 |     1 |     4 |     6 ||    14
 Stab: Sleeping          |     9 |     8 |     8 |    14 |     2 ||    41
       Distracted        |       |     1 |     5 |     5 |     3 ||    14
       Invisible         |       |       |       |       |     2 ||     2
Armor: Robe              |    21 |       |       |       |       ||    21
       Leather armour    |     2 |    34 |    62 |       |       ||    98
       Steam dragon scal |       |       |     6 |   109 |    19 ||   134
       Skin              |       |       |       |     1 |       ||     1
       Ring mail         |       |       |       |       |    20 ||    20
Dodge: Dodged            |   116 |   124 |   137 |   414 |   190 ||   981
       Repelled          |       |       |     2 |       |       ||     2
Block: Other             |    13 |    51 |    52 |       |       ||   116
       Buckler           |       |       |    35 |   391 |   150 ||   576
       Reflection        |       |       |     2 |     7 |       ||     9
